cohdb
Replays
Latest Replays
All Replays
Popular Replays
Top Player Replays
Match Explorer
How It Works
Community
CoH3 Stats
Reddit
Sign in to upload your games and track your stats! →
Sign in with Steam
Match 42401932
Unlisted
Match 42401932
Overview
Messages
Build Orders
End
Construct Barracks
Riflemen Squad
1⁄4-ton 4x4 Truck
Riflemen Squad
Engineer Squad
Grenade Package
Selects Heavy Weapons
Selects Assault Carriers
Mortar Pit
Mechanized Support Center
Selects Exchangeable Parts
.30 cal Machine Gun
Riflemen Squad
Construct Tank Depot
Engineer Squad
M4A1 Sherman Medium Tank
Salvage Crew
Improvised Armor
Designate Forward Repair Station
M1918 Browning Automatic Rifles
Riflemen Squad
dan legend
Nico-Nico-Nii~~
UA -=Vov@N=-
Comandante[BLR]
0
0
Comments
sign in to comment!
No comments posted yet!